 Dungeon Crawl Stone Soup version 0.21.1-1-g345015fe64 (webtiles) character file.

13101 Peloso the Carver (level 11, -4/97 HPs)
             Began as a Minotaur Fighter on June 23, 2018.
             Was a High Priest of Okawaru.
             Slain by a black mamba (7 damage)
             ... on level 2 of the Lair of Beasts.
             The game lasted 00:27:16 (10578 turns).

Peloso the Carver (Minotaur Fighter)               Turns: 10578, Time: 00:27:17

Health: -4/97      AC: 20    Str: 23    XL:     11   Next: 71%
Magic:  19/19      EV:  9    Int:  7    God:    Okawaru [*****.]
Gold:   363        SH: 13    Dex: 16    Spells: 10/10 levels left

rFire    . . .     SeeInvis .   a - +2 long sword (flame)
rCold    . . .     Gourm    .   c - +0 shield
rNeg     . . .     Faith    .   X - +1 plate armour of Fanaticism {Int+4 Dex+3}
rPois    .         Spirit   .   (helmet restricted)
rElec    .         Reflect  .   L - +0 cloak of the New World {+Blink Dex+2}
rCorr    .         Harm     .   C - +2 pair of gloves
MR       .....                  (no boots)
Stlth    ..........             I - amulet of regeneration
HPRegen  0.26/turn              K - ring of magical power
MPRegen  0.16/turn              R - ring of wizardry

@: lethally poisoned (-4 -> -19)
A: retaliatory headbutt, horns 2, dopey 1, no potion heal 1
a: Heroism, Finesse, Renounce Religion, Evoke Blink


You were on level 2 of the Lair of Beasts.
You worshipped Okawaru.
Okawaru was extremely pleased with you.
You were not hungry.

You visited 3 branches of the dungeon, and saw 13 of its levels.
You also visited: Labyrinth.

You collected 598 gold pieces.
You spent 235 gold pieces at shops.

Inventory:

Hand Weapons
 a - a +2 long sword of flaming (weapon)
 x - the +6 hunting sling of Compulsion {flame, Str+5}
   (Okawaru gifted it to you in a labyrinth)

   It causes projectiles fired from it to burn those they strike, causing extra
   injury to most foes and up to half again as much damage against particularly
   susceptible opponents.
   It affects your strength (+5).
 G - the cursed +3 battleaxe "Leviticus" {flame, rPois Str+3}
   (You found it on level 7 of the Dungeon)

   It has been specially enchanted to burn those struck by it, causing extra
   injury to most foes and up to half again as much damage against particularly
   susceptible opponents.
   Big, fiery blades are also staple armaments of hydra-hunters.
   It affects your strength (+3).
   It protects you from poison.
   It has a curse placed upon it.
 M - a +3 falchion of holy wrath
 Q - the +3 whip of the Illusory Eyes {speed, Int+4 Dex+2}
   (You found it on level 2 of the Lair of Beasts)

   Attacks with this weapon are significantly faster.
   It affects your intelligence (+4).
   It affects your dexterity (+2).
Armour
 b - +1 fire dragon scales
 c - a +0 shield (worn)
 C - a +2 pair of gloves (worn)
 L - the +0 cloak of the New World (worn) {+Blink Dex+2}
   (Okawaru gifted it to you on level 10 of the Dungeon)

   It affects your dexterity (+2).
   It lets you blink.
 X - the +1 plate armour of Fanaticism (worn) {Int+4 Dex+3}
   (You found it in a labyrinth)

   It affects your intelligence (+4).
   It affects your dexterity (+3).
Jewellery
 m - an uncursed ring of poison resistance
 s - an uncursed ring of fire
 I - an amulet of regeneration (around neck)
 K - a ring of magical power (left hand)
 P - an uncursed ring of stealth
 R - a ring of wizardry (right hand)
 W - an uncursed ring of magical power
Wands
 o - a wand of disintegration (33)
 t - a wand of polymorph (29)
 B - a wand of iceblast (18)
 D - a wand of acid (11)
 H - a wand of enslavement (18)
 O - a wand of paralysis (6)
 T - a wand of scattershot (4)
 V - a wand of digging (7)
Scrolls
 e - a scroll of summoning
 i - 4 scrolls of identify
 k - a scroll of remove curse
 l - 2 scrolls of enchant armour
 q - a scroll of fog
 u - 3 scrolls of blinking
 w - 6 scrolls of teleportation
 y - a scroll of silence
 F - 2 scrolls of enchant weapon
 J - a scroll of holy word
Potions
 d - 2 potions of might
 g - a potion of berserk rage
 h - a potion of ambrosia
 j - a potion of flight
 n - 2 potions of heal wounds
 r - a potion of cancellation
 v - a potion of haste
 z - a potion of magic
 A - 5 potions of curing
 E - 2 potions of brilliance
Books
 S - a book of Maledictions

   Spells                             Type                      Level
   a - Corona                         Hexes                        1
   b - Ensorcelled Hibernation        Hexes/Ice                    2
   c - Confuse                        Hexes                        3
   d - Tukima's Dance                 Hexes                        3
   e - Dazzling Spray                 Conjuration/Hexes            3
 U - a book of Fire

   Spells                             Type                      Level
   a - Ignite Poison                  Fire/Transmutation/Poison    3
   b - Fireball                       Conjuration/Fire             5
   c - Bolt of Fire                   Conjuration/Fire             6
   d - Ring of Flames                 Charms/Fire                  7
   e - Ignition                       Fire                         8
Miscellaneous
 N - a fan of gales
 Y - a crystal ball of energy
Comestibles
 f - 27 rations
 p - 3 chunks of flesh


   Skills:
 + Level 9.0 Fighting
 + Level 13.3 Long Blades
 + Level 10.4 Armour
 + Level 5.5 Dodging
 + Level 1.6 Stealth
 + Level 11.4 Shields
 + Level 0.7 Invocations


You had 10 spell levels left.
You didn't know any spells.

Dungeon Overview and Level Annotations

Branches:
Dungeon (10/15)            Temple (1/1) D:4            Lair (2/6) D:8
  Snake (0/4) Lair:2
  Swamp: Lair:2-4    Shoals: Lair:2-4       Orc: D:9-12

Altars:
Ashenzari
Cheibriados
Dithmenos
Elyvilon
Fedhas
Gozag
Hepliaklqana
Kikubaaqudgha
Makhleb
Nemelex Xobeh
Okawaru
Qazlal
Ru
Sif Muna
Trog
Uskayaw
Vehumet
Wu Jian
Xom
Yredelemnul
Zin
The Shining One

Shops:
D:4 (   D:5 ?   D:8 [   D:9 (


Innate Abilities, Weirdness & Mutations

You reflexively headbutt those who attack you in melee.
You have a pair of horns on your head.
You are dopey. (Int -2)
Potions are less effective at restoring your health.


Message History

You see here 23 stones.
There is an open door here.
A black mamba comes into view.
Found a stone staircase leading up.
You block the black mamba's attack.
You hit the black mamba. You burn the black mamba.
The black mamba is lightly wounded.
You block the black mamba's attack.
The black mamba bites you but does no damage.
You closely miss the black mamba. You headbutt the black mamba!
The black mamba is moderately wounded.
You block the black mamba's attack.
You slash the black mamba! You burn the black mamba.
You headbutt the black mamba.
The black mamba is almost dead.
The black mamba bites you!
* * * LOW HITPOINT WARNING * * *
You are lethally poisoned!
The black mamba poisons you! The black mamba bites you!
You die...

#...:..(..P.#........#..###......
#...........'.........### #####..
#........####........## ##.
####..#### ####....## #. #.###
#.#..# #. #†).## #...## #.
#....#* ##.#.# ##. ##.#.#.#
#...##### #.. ###..)####
#.@.....# #####.# #(......#
****#.S.....# #..#...
#.......#**,*#P.......#* *#...##
.......................# ##.P##
.N..>......#P#........## ##..##
...........####....<..# ##..(.#
#.......#### #P#.#P### #...###
#.......# ##*#### #..### #
###...###** #P.P.####


You could see a black mamba.

Vanquished Creatures
  A minotaur (Lab)
  A hydra (Lair:2)
  A two-headed ogre (D:8)
  Pikel (D:5)
  The ghost of Greboboi the Chopper, a novice HOFi of Cheibriados (D:6)
  A black mamba (Lair:1)
  5 gargoyles (Lab)
  A spiny frog (Lair:2)
  2 komodo dragons (Lair:1)
  A polar bear (Lair:2)
  Grinder (D:6)
  A minotaur skeleton (Lab)
  2 redbacks (Lab)
  A wyvern (D:10)
  A wraith (D:10)
  2 basilisks (Lair:1)
  5 yaks
  A steam dragon (D:10)
  2 nagas (Lair:2)
  2 soldier ants (D:10)
  5 porcupines
  2 water moccasins (Lair:1)
  4 orc warriors
  4 sky beasts
  A phantom (D:4)
  5 centaurs
  3 crocodiles
  3 ogres
  7 bullfrogs
  2 scorpions
  A water moccasin skeleton (D:4)
  3 wights (D:10)
  3 killer bees (D:10)
  A howler monkey (D:6)
  5 crimson imps
  4 lava snakes (Lab)
  2 centaur zombies
  A quasit (D:5)
  2 jellies
  3 bullfrog skeletons
  2 bullfrog zombies
  4 hounds
  An orc priest (D:9)
  2 iguanas
  8 orc wizards
  2 centaur skeletons
  6 worker ants
  A hound skeleton (D:4)
  13 adders
  3 gnolls (D:4)
  4 shadow imps
  An adder skeleton (D:8)
  An adder zombie (D:7)
  3 worms
  5 leopard geckos
  29 orcs
  2 giant cockroaches
  8 hobgoblins
  5 quokkas
  A ball python (D:4)
  5 bats
  4 frilled lizards
  3 goblins
  6 kobolds
  A leopard gecko skeleton (D:7)
  A quokka skeleton (D:7)
  A quokka zombie (D:5)
  3 rats
219 creatures vanquished.

Notes
Turn   | Place    | Note
-------+----------+-------------------------------------------
     0 | D:1      | Peloso the Minotaur Fighter began the quest for the Orb.
     0 | D:1      | Reached XP level 1. HP: 19/19 MP: 0/0
   183 | D:1      | You fall through a shaft!
   371 | D:2      | Reached XP level 2. HP: 24/27 MP: 1/1
   435 | D:2      | Reached skill level 1 in Dodging
   470 | D:2      | Reached XP level 3. HP: 32/33 MP: 2/2
   810 | D:2      | Found an opulent altar of Gozag.
  1339 | D:1      | Reached XP level 4. HP: 40/40 MP: 3/3
  1465 | D:1      | Reached skill level 3 in Long Blades
  1848 | D:3      | Found a hide-covered altar of Uskayaw.
  2076 | D:3      | Found an ornate altar of the Wu Jian Council.
  2572 | D:4      | Found a staircase to the Ecumenical Temple.
  2581 | D:4      | Reached XP level 5. HP: 44/47 MP: 4/4
  2587 | Temple   | Entered the Ecumenical Temple
  2594 | Temple   | Became a worshipper of Warmaster Okawaru
  2643 | D:4      | Found Telisof's Antique Weapon Shop.
  2656 | D:4      | Bought a glowing falchion for 144 gold pieces
  2676 | D:4      | Reached skill level 4 in Long Blades
  2676 | D:4      | Reached skill level 5 in Shields
  2750 | D:4      | Got a crude spear
  2751 | D:4      | Identified the cursed +1 spear "Xeseyla" {distort, rF++ MP+9 Dex+2} (You found it on level 4 of the Dungeon)
  2798 | D:4      | Gained mutation: Potions are less effective at restoring your health. [mutagenic glow]
  2832 | D:4      | Gained mutation: You are dopey. (Int -2) [mutagenic glow]
  2848 | D:4      | Reached XP level 6. HP: 51/53 MP: 5/5
  2999 | D:4      | Reached * piety under Okawaru
  3076 | D:4      | Reached skill level 5 in Long Blades
  3076 | D:4      | Reached skill level 5 in Armour
  3254 | D:4      | Reached XP level 7. HP: 56/60 MP: 6/6
  3392 | D:5      | Entered Level 5 of the Dungeon
  3539 | D:5      | Reached ** piety under Okawaru
  3539 | D:5      | Reached skill level 5 in Fighting
  3539 | D:5      | Reached skill level 6 in Long Blades
  3616 | D:5      | Reached skill level 7 in Long Blades
  3666 | D:5      | Found a bloodstained altar of Trog.
  3815 | D:5      | Reached XP level 8. HP: 54/68 MP: 7/7
  3818 | D:5      | Found Poocyan's Magic Scroll Shop.
  3827 | D:5      | Bought a scroll of teleportation for 42 gold pieces
  3827 | D:5      | Bought a scroll of magic mapping for 49 gold pieces
  4096 | D:5      | Noticed Pikel
  4112 | D:5      | Killed Pikel
  4112 | D:5      | Reached *** piety under Okawaru
  4112 | D:5      | Reached skill level 8 in Long Blades
  4303 | D:6      | Noticed Grinder
  4311 | D:6      | Killed Grinder
  4512 | D:6      | Found a shattered altar of Ashenzari.
  4514 | D:6      | Noticed Greboboi's ghost (novice HOFi)
  4532 | D:6      | Killed Greboboi's ghost
  4532 | D:6      | Reached **** piety under Okawaru
  4532 | D:6      | Reached skill level 9 in Long Blades
  4532 | D:6      | Reached skill level 1 in Stealth
  4532 | D:6      | Reached XP level 9. HP: 54/75 MP: 8/8
  4913 | D:6      | Found an iron altar of Okawaru.
  5229 | D:7      | Got a steaming battleaxe
  5402 | D:7      | Found a basalt altar of Yredelemnul.
  5417 | D:7      | Reached ***** piety under Okawaru
  5422 | D:7      | Reached skill level 10 in Long Blades
  6084 | D:8      | Noticed a two-headed ogre
  6092 | D:8      | Killed a two-headed ogre
  6092 | D:8      | Reached XP level 10. HP: 76/84 MP: 9/9
  6109 | D:8      | Found Xewymema's Antique Armour Shoppe.
  6382 | D:8      | Found a staircase to the Lair.
  6407 | D:8      | Identified the cursed +3 battleaxe "Leviticus" {flame, rPois Str+3} (You found it on level 7 of the Dungeon)
  6544 | D:9      | Found Rapremar's Weapon Boutique.
  7083 | D:10     | Entered Level 10 of the Dungeon
  7090 | D:10     | Received a gift from Okawaru
  7095 | D:10     | Got a heavily runed cloak {god gift}
  7101 | D:10     | Identified the +0 cloak of the New World {+Blink Dex+2} (Okawaru gifted it to you on level 10 of the Dungeon)
  7128 | D:10     | Reached skill level 11 in Long Blades
  7312 | D:10     | Reached skill level 10 in Shields
  7509 | D:10     | Reached skill level 5 in Dodging
  7630 | D:10     | Reached skill level 12 in Long Blades
  7799 | Lair:1   | Entered Level 1 of the Lair of Beasts
  8258 | Lair:1   | Reached XP level 11. HP: 94/94 MP: 10/10
  9035 | Lair:2   | Got a pitted whip
  9047 | Lair:2   | Noticed a six-headed hydra
  9054 | Lair:2   | Killed a one-headed hydra
  9069 | Lair:2   | Found a labyrinth entrance.
  9082 | Lab      | Entered a labyrinth
  9267 | Lab      | Identified the cursed +3 whip of the Illusory Eyes {speed, Int+4 Dex+2} (You found it on level 2 of the Lair of Beasts)
  9521 | Lab      | Reached ****** piety under Okawaru
  9527 | Lab      | Reached skill level 10 in Armour
  9816 | Lab      | Received a gift from Okawaru
  9816 | Lab      | Reached skill level 13 in Long Blades
  9819 | Lab      | Got an iridescent hunting sling {god gift}
 10436 | Lab      | Noticed a minotaur
 10444 | Lab      | Killed a minotaur
 10452 | Lab      | Got a transparent plate armour
 10465 | Lab      | Identified the cursed +1 plate armour of Fanaticism {Int+4 Dex+3} (You found it in a labyrinth)
 10465 | Lab      | Identified the +6 hunting sling of Compulsion {flame, Str+5} (Okawaru gifted it to you in a labyrinth)
 10506 | Lair:2   | Found a staircase to the Snake Pit.
 10578 | Lair:2   | HP: 3/97 [black mamba (8)]
 10578 | Lair:2   | Slain by a black mamba

Skill      XL: |  1  2  3  4  5  6  7  8  9 10 11 |
---------------+----------------------------------+-----
Dodging        | 1 2 3 4 5 |  5.5
Fighting       | 4 5 6 7 9 |  9.0
Shields        | 4 5 6 8 9 10 11 | 11.4
Long Blades    | 3 4 5 7 9 10 12 13 | 13.3
Armour         | 4 5 7 8 9 10 | 10.4
Stealth        | 1 |  1.6
Invocations    | |  0.7

Action                   |  1- 3 |  4- 6 |  7- 9 | 10-12 || total
-------------------------+-------+-------+-------+-------++-------
Melee: Long sword        |    81 |    49 |       |   223 ||   353
       Headbutt          |    13 |    28 |    51 |   107 ||   199
       Falchion          |       |    69 |   237 |   196 ||   502
Invok: Heroism           |       |     1 |       |     2 ||     3
  Use: Scroll            |       |     3 |    15 |     9 ||    27
       Potion            |       |       |       |     1 ||     1
  Eat: Chunk             |     1 |     7 |     9 |     8 ||    25
       Ration            |       |       |       |     2 ||     2
Armor: Scale mail        |    40 |    12 |       |       ||    52
       Fire dragon scale |       |    43 |   102 |   101 ||   246
       Plate armour      |       |       |       |    10 ||    10
Dodge: Dodged            |    30 |    30 |    75 |   107 ||   242
Block: Shield            |    51 |    61 |   134 |   194 ||   440
       Rpst.: Long sword |    10 |     6 |       |    14 ||    30
       Falchion          |       |     3 |    13 |    13 ||    29
